 Dungeon Crawl Stone Soup version 0.25-a0-110-ge29c8f2358 (console) character file.

Game seed: 12106045726464776540, levelgen mode: deterministic

163 Kagalorn the Magician (level 5, -1/37 HPs)
             Began as a Gnoll Wizard on Nov 19, 2019.
             Slain by a quokka (4 damage)
             ... on level 4 of the Dungeon.
             The game lasted 00:07:13 (2866 turns).

Kagalorn the Magician (Gnoll Wizard)                Turns: 2866, Time: 00:07:14

Health: -1/37      AC:  2    Str:  9    XL:     5   Next: 44%
Magic:  11/14      EV: 14    Int: 22    God:
Gold:   163        SH:  0    Dex: 13    Spells: 9/18 levels left

rFire    . . .     SeeInvis .   f - +0 spear
rCold    . . .     Gourm    .   (no shield)
rNeg     . . .     Faith    .   a - +0 robe
rPois    .         Spirit   .   b - +0 hat
rElec    .         Reflect  .   (no cloak)
rCorr    .         Harm     .   (no gloves)
MR       .....                  (no boots)
Stlth    +++.......             (no amulet)
HPRegen  0.12/turn              (no ring)
MPRegen  0.14/turn              (no ring)

@: no status effects
A: distributed training, fangs 1, strong nose
a: no special abilities


You were on level 4 of the Dungeon.
You were not hungry.

You visited 1 branch of the dungeon, and saw 4 of its levels.

You collected 163 gold pieces.

Inventory:

Hand Weapons
 f - a +0 spear (weapon)
 m - a +2 short sword of holy wrath
 v - a +0 long sword of holy wrath
Missiles
 e - 62 arrows
 g - 168 stones (quivered)
 i - 59 bolts
 p - 17 sling bullets
Armour
 a - a +0 robe (worn)
 b - a +0 hat (worn)
Magical Staves
 x - an uncursed staff of conjuration
Jewellery
 r - an uncursed amulet of the acrobat {unknown}
 s - an uncursed amulet of faith {unknown}
 u - an uncursed amulet of guardian spirit {unknown}
Wands
 o - a wand of acid (11)
Scrolls
 c - a scroll of fear {unknown}
 h - 6 scrolls of teleportation {unknown}
 j - a scroll of blinking {unknown}
 l - 3 scrolls of remove curse {unknown}
 q - 5 scrolls of identify {unknown}
Potions
 k - 4 potions of curing {unknown}
 n - 2 potions of flight {unknown}
 t - 2 potions of might {unknown}
 w - a potion of agility {unknown}
Comestibles
 d - 6 rations
 z - a chunk of flesh


   Skills:
 + Level 1.4 Fighting
 + Level 1.4 Short Blades
 + Level 1.4 Long Blades
 + Level 1.4 Axes
 + Level 1.4 Maces & Flails
 + Level 1.4 Polearms
 + Level 1.4 Staves
 + Level 1.4 Slings
 + Level 1.4 Bows
 + Level 1.4 Crossbows
 + Level 1.4 Throwing
 + Level 1.4 Armour
 + Level 4.8 Dodging
 + Level 4.4 Stealth
 + Level 1.4 Shields
 + Level 1.4 Unarmed Combat
 + Level 7.3 Spellcasting
 + Level 2.4 Conjurations
 + Level 1.1 Hexes
 + Level 1.1 Charms
 + Level 2.4 Summonings
 + Level 1.1 Necromancy
 + Level 2.4 Translocations
 + Level 1.1 Transmutations
 + Level 1.1 Fire Magic
 + Level 1.1 Ice Magic
 + Level 1.1 Air Magic
 + Level 1.1 Earth Magic
 + Level 1.1 Poison Magic
 + Level 1.6 Invocations
 + Level 1.4 Evocations


You had 9 spell levels left.
You knew the following spells:

 Your Spells              Type           Power        Failure   Level  Hunger
a - Magic Dart            Conj           ###.         3%          1    None
c - Conjure Flame         Conj/Fire      ###.....     12%         3    None
e - Mephitic Cloud        Conj/Pois/Air  ###.....     12%         3    None
g - Blink                 Tloc           N/A          4%          2    None

Your spell library contained the following spells:

 Spells                   Type           Power        Failure   Level  Hunger
 Call Imp                 Summ           ###.....     4%          2    None
 Slow                     Hex            ##......     8%          2    None


Dungeon Overview and Level Annotations

Branches:
Dungeon (4/15)
 Temple: D:4-7

Altars:

Annotations:
D:3 Grinder
D:4 3 runed translucent doors, anet's ghost, amateur DEWz


Innate Abilities, Weirdness & Mutations

Your experience applies equally to all skills.
You have very sharp teeth.
Your uncanny sense of smell can sniff out nearby items.


Message History

* * * LOW HITPOINT WARNING * * *
The quokka closely misses you.
The adder bites the ogre.
The ogre is poisoned.
The adder poisons the ogre!
The adder bites itself.
Casting: Mephitic Cloud (safe; 12% risk of failure)
Confirm with . or Enter, or press ? or * to list all spells.
Aiming: Magic Dart (safe; 3% risk of failure)
Press: ? - help, Shift-Dir - straight line, f - quokka
Aim: a quokka The magic dart hits the quokka.
The quokka is moderately wounded.
The quokka barely misses you. The quokka closely misses you.
Casting: Magic Dart (safe; 3% risk of failure)
Confirm with . or Enter, or press ? or * to list all spells.
Aiming: Magic Dart (safe; 3% risk of failure)
Press: ? - help, Shift-Dir - straight line, f/p - quokka
Aim: a quokka (moderately wounded)
The magic dart hits the quokka but does no damage.
The quokka is moderately wounded.
The quokka bites you.
You die...

####....##....#.#♣. ∆∆#.♣
#)$###.. #......# .###..
5..Z$##..#...#### .....
..=...#..#...#..# ♣(.♣
.....#..##..#..####''#
##Z...... #.....#.#...####
.ZW.Z... ##..#..#....#...#
Z####. ###...#..#........#
##..####........@r.......##
................#S........#
#...###........###....##.##
..###.......#.........##.#
#......##...#.........####
#......####....>......#
##.....###............#
........##.##........###
........#..##..........##


You could see an adder (confused) and a quokka.

Vanquished Creatures
  2 worker ants (D:4)
  4 gnolls (D:4)
  2 adders (D:3)
  4 leopard geckos
  5 orcs (D:3)
  4 giant cockroaches
  7 goblins
  5 hobgoblins
  4 jackals (D:1)
  A ball python (D:2)
  3 frilled lizards
  12 kobolds
  6 rats
59 creatures vanquished.

Vanquished Creatures (others)
  4 toadstools (D:1)
4 creatures vanquished.

Grand Total: 63 creatures vanquished

Notes
Turn   | Place    | Note
-------+----------+-------------------------------------------
     0 | D:1      | Kagalorn the Gnoll Wizard began the quest for the Orb.
     0 | D:1      | Reached XP level 1. HP: 13/13 MP: 8/8
   133 | D:1      | Reached XP level 2. HP: 19/19 MP: 6/10
   555 | D:1      | Reached XP level 3. HP: 22/25 MP: 11/11
  1150 | D:2      | Reached skill level 1 in Invocations
  1734 | D:3      | Learned a level 2 spell: Blink
  1738 | D:3      | Learned a level 3 spell: Conjure Flame
  1742 | D:3      | Learned a level 3 spell: Mephitic Cloud
  1757 | D:3      | Reached skill level 1 in Fighting
  1757 | D:3      | Reached skill level 1 in Short Blades
  1757 | D:3      | Reached skill level 1 in Long Blades
  1757 | D:3      | Reached skill level 1 in Axes
  1757 | D:3      | Reached skill level 1 in Maces & Flails
  1757 | D:3      | Reached skill level 1 in Polearms
  1757 | D:3      | Reached skill level 1 in Staves
  1757 | D:3      | Reached skill level 1 in Slings
  1757 | D:3      | Reached skill level 1 in Bows
  1757 | D:3      | Reached skill level 1 in Crossbows
  1757 | D:3      | Reached skill level 1 in Throwing
  1757 | D:3      | Reached skill level 1 in Armour
  1757 | D:3      | Reached skill level 1 in Shields
  1757 | D:3      | Reached skill level 1 in Unarmed Combat
  1757 | D:3      | Reached skill level 1 in Evocations
  1757 | D:3      | Reached XP level 4. HP: 32/32 MP: 8/13
  2306 | D:3      | Noticed Grinder
  2309 | D:4      | Found a runed translucent gate.
  2309 | D:4      | Found a runed translucent gate.
  2309 | D:4      | Found a runed translucent gate.
  2369 | D:4      | Reached skill level 1 in Hexes
  2369 | D:4      | Reached skill level 1 in Charms
  2369 | D:4      | Reached skill level 1 in Necromancy
  2369 | D:4      | Reached skill level 1 in Transmutations
  2369 | D:4      | Reached skill level 1 in Fire Magic
  2369 | D:4      | Reached skill level 1 in Ice Magic
  2369 | D:4      | Reached skill level 1 in Air Magic
  2369 | D:4      | Reached skill level 1 in Earth Magic
  2369 | D:4      | Reached skill level 1 in Poison Magic
  2675 | D:4      | Reached XP level 5. HP: 32/37 MP: 7/14
  2819 | D:4      | Noticed anet's ghost (amateur DEWz)
  2848 | D:4      | Noticed an ogre
  2866 | D:4      | Slain by a quokka

Levels and vault maps discovered:
D:1:      ldierk_water_garden, layout_basic, minmay_worlds_worst_comb
D:2:      layout_loops_ring
D:3:      layout_basic, kennysheep_crisscross, uniq_grinder
D:4:      layout_cave_pools, gammafunk_ghost_icy, kennysheep_generic_room_7,
          uniq_pikel

Skill      XL: |  1  2  3  4 |
---------------+-------------+-----
Conjurations   | 2 |  2.4
Summonings     | 2 |  2.4
Translocations | 2 |  2.4
Invocations    | 1 |  1.6
Fighting       | 1 |  1.4
Short Blades   | 1 |  1.4
Long Blades    | 1 |  1.4
Axes           | 1 |  1.4
Maces & Flails | 1 |  1.4
Polearms       | 1 |  1.4
Staves         | 1 |  1.4
Slings         | 1 |  1.4
Bows           | 1 |  1.4
Crossbows      | 1 |  1.4
Throwing       | 1 |  1.4
Armour         | 1 |  1.4
Shields        | 1 |  1.4
Unarmed Combat | 1 |  1.4
Evocations     | 1 |  1.4
Hexes          | 1 |  1.1
Charms         | 1 |  1.1
Necromancy     | 1 |  1.1
Transmutations | 1 |  1.1
Fire Magic     | 1 |  1.1
Ice Magic      | 1 |  1.1
Air Magic      | 1 |  1.1
Earth Magic    | 1 |  1.1
Poison Magic   | 1 |  1.1
Dodging        | |  4.8
Stealth        | |  4.4
Spellcasting   | |  7.3

Action                   |  1- 3 |  4- 6 || total
-------------------------+-------+-------++-------
Melee: Spear             |   118 |    35 ||   153
       Bite              |    10 |     5 ||    15
       Punch             |       |     1 ||     1
 Cast: Magic Dart        |    25 |    39 ||    64
       Mephitic Cloud    |     1 |     2 ||     3
 Stab: Sleeping          |     9 |     1 ||    10
       Confused          |       |     4 ||     4
  Eat: Chunk             |     2 |     4 ||     6
Armor: Robe              |    15 |     1 ||    16
Dodge: Dodged            |    69 |    31 ||   100

Table legend:
 A = Non-vault XP
 B = Vault XP
 C = Vault XP percentage of total XP
 D = Non-vault monster count
 E = Vault monster count
 F = Vault count percentage of total count
                 A         B        C        D         E       F
            +---------+---------+-------+---------+---------+-------
      Total |     227 |       6 |   2.6 |      56 |       3 |   5.1
            +---------+---------+-------+---------+---------+-------
        D:1 |      30 |       6 |  16.7 |      18 |       3 |  14.3
        D:2 |      32 |       0 |   0.0 |      20 |       0 |   0.0
        D:3 |      48 |       0 |   0.0 |      11 |       0 |   0.0
        D:4 |     117 |       0 |   0.0 |       7 |       0 |   0.0
            +---------+---------+-------+---------+---------+-------
